 Dungeon Crawl Stone Soup version 0.30.0-18-gc0e69614cb (webtiles) character file.

Game seed: 13616192142773052149

43 KittyFluff the Trooper (level 3, 0/24 HPs)
             Began as a Gargoyle Berserker on May 23, 2023.
             Was a Believer of Trog.
             Killed from afar by Natasha (9 damage)
             ... with a magic dart
             ... on level 2 of the Dungeon.
             The game lasted 00:06:12 (1444 turns).

KittyFluff the Trooper (Gargoyle Berserker)         Turns: 1444, Time: 00:06:13

Health: 0/24       AC:  7    Str: 20    XL:     3   Next: 58%
Magic:  3/3        EV: 11    Int:  7    God:    Trog [**....]
Gold:   63         SH:  0    Dex: 11    Spells: 2/2 levels left

rFire   . . .        a - +0 mace
rCold   + . .        (no shield)
rNeg    + . .        g - +0 leather armour
rPois   ∞            (no helmet)
rElec   +            (no cloak)
rCorr   .            (no gloves)
SInv    .            k - +0 pair of boots
Will    .....        (no amulet)
Stlth   +            f - ring of protection from cold
HPRegen 0.24/turn    (no ring)
MPRegen 0.08/turn

%: no passive effects
@: no status effects
A: sickness immunity, AC +3, negative energy resistance 1, electricity
resistance, torment resistance 1, petrification resistance
a: Renounce Religion, Berserk, Trog's Hand


You were on level 2 of the Dungeon.
You worshipped Trog.
Trog was pleased with you.
You visited 1 branch of the dungeon, and saw 2 of its levels.

You collected 63 gold pieces.

Inventory:

Hand Weapons
 a - a +0 mace (weapon)
 i - a +0 sling
Missiles
 e - 26 stones (quivered)
Armour
 g - a +0 leather armour (worn)
 k - a +0 pair of boots (worn)
Jewellery
 f - a ring of protection from cold (left hand)
 h - a ring of magical power
Scrolls
 b - 3 scrolls of teleportation {unknown}
 c - 2 scrolls of enchant weapon {unknown}
 d - a scroll of identify {unknown}
Potions
 j - 2 potions of lignification {unknown}
 l - a potion of flight {unknown}


   Skills:
 + Level 3.7 Fighting
 + Level 3.6 Maces & Flails
 * Level 2.6 Armour
 + Level 1.9 Dodging
 + Level 0.2 Stealth


You had 2 spell levels left.
You didn't know any spells.
Your spell library was empty.

Dungeon Overview and Level Annotations

Branches:
Dungeon (2/15)

Altars:

Annotations:
D:2 Natasha


Innate Abilities, Weirdness & Mutations

You are immune to sickness and miasma.
Your stone body is resilient. (AC +3)
You are immune to poison.
You resist negative energy. (rN+)
You are resistant to electric shocks. (rElec)
You are resistant to unholy torment.
You are immune to petrification.


Message History

The endoplasm hits you.
You sock the endoplasm!
You kill the endoplasm!
Trog accepts your kill.
You now have 51 gold pieces (gained 8).
You now have 63 gold pieces (gained 12).
Natasha, Servant of Life and Death comes into view.
Natasha hisses angrily.
Natasha mumbles some strange words.
The cerulean imp hits you with a +2 spear.
You closely miss the cerulean imp.
The cerulean imp hits you with a +2 spear.
Natasha mumbles some strange words.
You hit the cerulean imp.
The cerulean imp is lightly wounded.
The cerulean imp hits you but does no damage.
You closely miss the cerulean imp.
The cerulean imp is lightly wounded.
Natasha casts a spell.
The cerulean imp hits you but does no damage.
The cerulean imp hits you with a +2 spear.
You hit the cerulean imp.
The cerulean imp is heavily wounded.
The cerulean imp barely misses you.
You hit the cerulean imp.
The cerulean imp is severely wounded.
The cerulean imp hits you with a +2 spear.
You hit the cerulean imp.
The cerulean imp is almost dead.
The cerulean imp hits you with a +2 spear.
You barely miss the cerulean imp.
The cerulean imp is almost dead.
The cerulean imp hits you with a +2 spear.
You hit the cerulean imp.
You kill the cerulean imp!
The cerulean imp disappears in a puff of smoke!
You closely miss Natasha.
Natasha stares at you and mumbles some strange words.
The magic dart hits you!
You die...

########.#
#.########
#.........
#..######
#..# #..#
#..#####.#
#........#
##@#######
#h# #5#
#5# #.#
#.. ###


You could see Natasha and 2 cerulean imps.

Vanquished Creatures
  6 ball pythons
  7 endoplasms
  3 giant cockroaches
  3 goblins (D:1)
  2 hobgoblins
  4 jackals
  2 kobolds
  6 bats
  A frilled lizard (D:1)
  2 rats (D:1)
36 creatures vanquished.

Notes
Turn   | Place    | Note
-------+----------+-------------------------------------------
     0 | D:1      | KittyFluff the Gargoyle Berserker began the quest for the
                  | Orb.
     0 | D:1      | Reached XP level 1. HP: 14/14 MP: 1/1
   293 | D:1      | Reached XP level 2. HP: 19/19 MP: 2/2
  1074 | D:1      | Reached XP level 3. HP: 24/24 MP: 3/3
  1187 | D:2      | Reached ** piety under Trog
  1432 | D:2      | Noticed Natasha
  1444 | D:2      | Killed from afar by Natasha

Illustrated notes

Levels and vault maps discovered:
D:1:      elethiomel_arrival_infinity_welcomes_careful_drivers, layout_basic
D:2:      layout_loops_ring, uniq_natasha

Action                     || total
---------------------------++-------
  Melee: Mace              ||   113
         Punch             ||     1
   Stab: Sleeping          ||     1
 Armour: Animal skin       ||     7
         Leather armour    ||    59
  Dodge: Dodged            ||    89
